 Dungeon Crawl Stone Soup version 0.26.0-45-g9c1d065592 (webtiles) character file.

Game seed: 6307228657188645480

140 roke1 the Gusty (level 5, -2/29 HPs)
             Began as a Tengu Air Elementalist on Jan 27, 2021.
             Killed by miscasting Airstrike (16 damage)
             ... on level 4 of the Dungeon on Jan 29, 2021.
             The game lasted 00:09:34 (3861 turns).

roke1 the Gusty (Tengu Air Elementalist)            Turns: 3861, Time: 00:09:35

Health: -2/29      AC:  4    Str:  9    XL:     5   Next: 23%
Magic:  2/10       EV: 15    Int: 15    God:
Gold:   151        SH:  0    Dex: 15    Spells: 1/9 levels left

rFire    . . .     SeeInvis .   o - +1 dagger (pain)
rCold    . . .     Faith    .   (no shield)
rNeg     . . .     Spirit   .   n - +0 leather armour
rPois    .         Reflect  .   (helmet restricted)
rElec    .         Harm     .   (no cloak)
rCorr    .         Rampage  .   l - +0 pair of gloves
Will     .....                  (boots unavailable)
Stlth    ++........             (no amulet)
HPRegen  0.09/turn              (no ring)
MPRegen  0.12/turn              (no ring)

@: flying quickly and evasively, very slightly contaminated, quick
A: beak, talons 3, able to fly
a: Stop Flying


You were on level 4 of the Dungeon.
You visited 1 branch of the dungeon, and saw 4 of its levels.

You collected 151 gold pieces.

Inventory:

Hand Weapons
 o - a +1 dagger of pain (weapon)
Armour
 l - a +0 pair of gloves (worn)
 n - a +0 leather armour (worn)
Jewellery
 k - an uncursed ring of magical power {unknown}
Scrolls
 c - 3 scrolls of amnesia
 d - 2 scrolls of magic mapping
 h - 3 scrolls of remove curse {unknown}
 j - 3 scrolls of enchant weapon {unknown}
 p - a scroll of enchant armour {unknown}
Potions
 a - a potion of ambrosia {unknown}
 b - 4 potions of curing
 e - 2 potions of heal wounds {unknown}
 f - a potion of might
 g - a potion of cancellation {unknown}
 i - a potion of brilliance {unknown}
 m - a potion of flight {unknown}


   Skills:
 + Level 1.3 Fighting
 + Level 3.0 Dodging
 - Level 2.0 Stealth
 + Level 2.7 Spellcasting
 + Level 2.8 Conjurations
 * Level 5.4 Air Magic


You had one spell level left.
You knew the following spells:

 Your Spells              Type           Power        Failure   Level
a - Shock                 Conj/Air       56%          5%          1
b - Static Discharge      Conj/Air       14%          16%         3
c - Airstrike             Air            9%           30%         4

Your spell library contained the following spells:

 Spells                   Type           Power        Failure   Level
 Swiftness                Air            18%          4%          2
 Lightning Bolt           Conj/Air       7%           82%         5


Dungeon Overview and Level Annotations

Branches:
Dungeon (4/15)
 Temple: D:4-7

Altars:


Innate Abilities, Weirdness & Mutations

You have a beak for a mouth.
You have claws for feet.
You can fly continuously.


Message History

There is a stone staircase leading up here.
Casting: Shock (safe; 5% risk of failure)
Confirm with . or Enter, or press ? or * to list all spells.
The spell is extremely dangerous to cast (30% risk of failure)!
Continue anyway?
Aiming: Airstrike (extremely dangerous; 30% risk of failure)
Press: ? - help, Dir - move target, f - phantom
Aim: a phantom You miscast Airstrike.
You are very lightly contaminated with residual magic.
There is a short, sharp shower of sparks!
The phantom hits you.
Casting: Airstrike (extremely dangerous; 30% risk of failure)
Confirm with . or Enter, or press ? or * to list all spells.
The spell is extremely dangerous to cast (30% risk of failure)!
Continue anyway?
Aiming: Airstrike (extremely dangerous; 30% risk of failure)
Press: ? - help, Dir - move target, f/p - phantom
Aim: a phantom You miscast Airstrike.
You feel a sudden electric shock!
Ouch! That really hurt!
You die...

#. #.# #.
#####.#
##.##.....#
##...#.#####
##......#
#.......#
#.......#
#......W#
#......@#
........#
#.####### #.


You could see a phantom.

Vanquished Creatures
  A worker ant (D:3)
  5 adders
  4 worms
  3 dart slugs
  2 leopard geckos
  3 ball pythons
  4 giant cockroaches
  6 goblins
  5 hobgoblins
  3 jackals (D:1)
  3 kobolds
  4 bats
  6 frilled lizards
  10 rats
59 creatures vanquished.

Notes
Turn   | Place    | Note
-------+----------+-------------------------------------------
     0 | D:1      | roke1 the Tengu Air Elementalist began the quest for the
                  | Orb.
     0 | D:1      | Reached XP level 1. HP: 10/10 MP: 4/4
   173 | D:1      | Reached XP level 2. HP: 7/15 MP: 0/6
  1170 | D:1      | Reached XP level 3. HP: 8/20 MP: 1/7
  1889 | D:1      | Learned a level 3 spell: Static Discharge
  2180 | D:2      | Reached XP level 4. HP: 24/24 MP: 3/8
  2252 | D:2      | Reached skill level 1 in Fighting
  2276 | D:2      | Reached skill level 5 in Air Magic
  2436 | D:2      | Learned a level 4 spell: Airstrike
  3325 | D:3      | Gained mutation: You can fly continuously. [Tengu growth]
  3325 | D:3      | Reached XP level 5. HP: 29/29 MP: 3/9
  3672 | D:4      | Noticed a phantom
  3861 | D:4      | Killed by miscasting Airstrike

Illustrated notes

Levels and vault maps discovered:
D:1:      dpeg_arrival_rooms_a, layout_basic, minmay_tromino_v4_b
D:2:      layout_rooms
D:3:      layout_loops_cross
D:4:      layout_loops_ring, chequers_temple_overflow_minitemple, serial_shops,
          shop, shop, shop_statue, kennysheep_small_circle

Skill      XL: |  1  2  3  4 |
---------------+-------------+-----
Conjurations   | 2 |  2.8
Fighting       | 1 |  1.3
Air Magic      | 5 |  5.4
Dodging        | 3 |  3.0
Stealth        | |  2.0
Spellcasting   | |  2.7

Action                   |  1- 3 |  4- 6 || total
-------------------------+-------+-------++-------
Melee: Unarmed           |     8 |       ||     8
       Kick              |     5 |    11 ||    16
       Dagger            |    26 |    37 ||    63
       Peck              |     1 |     5 ||     6
 Cast: Shock             |    59 |    50 ||   109
       Airstrike         |       |     1 ||     1
 Abil: Fly               |       |     1 ||     1
  Use: Scroll            |       |     4 ||     4
 Stab: Sleeping          |     2 |     1 ||     3
Armor: Robe              |    10 |       ||    10
       Leather armour    |       |     4 ||     4
Dodge: Dodged            |    31 |    29 ||    60
